 Dungeon Crawl Stone Soup version 0.25-a0-86-ga6f17ae (webtiles) character file.

Game seed: 6469335867822811931, levelgen mode: deterministic

43 bipu the Skirmisher (level 3, 0/33 HPs)
             Began as a Minotaur Berserker on Nov 10, 2019.
             Was a Believer of Trog.
             Slain by a goblin
             ... wielding a +0 dagger
              (4 damage)
             ... on level 2 of the Dungeon.
             The game lasted 00:07:58 (1376 turns).

bipu the Skirmisher (Minotaur Berserker)            Turns: 1376, Time: 00:07:58

Health: 0/33       AC:  2    Str: 22    XL:     3   Next: 37%
Magic:  2/2        EV: 12    Int:  4    God:    Trog [**....]
Gold:   41         SH:  0    Dex:  9    Spells: 2/2 levels left

rFire    . . .     SeeInvis .   h - +0 mace
rCold    . . .     Gourm    .   (no shield)
rNeg     . . .     Faith    .   b - +0 animal skin
rPois    .         Spirit   .   (helmet restricted)
rElec    .         Reflect  .   (no cloak)
rCorr    .         Harm     .   (no gloves)
MR       .....     Rnd*Tele +   (no boots)
Stlth    +.........             (no amulet)
HPRegen  0.11/turn              d - ring of teleportation (curse)
MPRegen  0.08/turn              (no ring)

@: no status effects
A: retaliatory headbutt, horns 2
a: Berserk, Trog's Hand, Renounce Religion


You were on level 2 of the Dungeon.
You worshipped Trog.
Trog was pleased with you.
You were not hungry.

You visited 1 branch of the dungeon, and saw 2 of its levels.

You collected 41 gold pieces.

Inventory:

Hand Weapons
 a - a +0 hand axe
 h - a +0 mace (weapon)
Armour
 b - a +0 animal skin (worn)
Jewellery
 d - a cursed ring of teleportation (left hand)
Scrolls
 e - a scroll of blinking {unknown}
 f - a scroll of teleportation {unknown}
Potions
 g - 2 potions of degeneration {unknown}
Comestibles
 c - 2 rations


   Skills:
 + Level 4.2 Fighting
 + Level 4.1 Axes
 + Level 3.1 Armour
 + Level 2.8 Dodging


You had 2 spell levels left.
You didn't know any spells.
Your spell library was empty.

Dungeon Overview and Level Annotations

Branches:
Dungeon (2/15)

Altars:


Innate Abilities, Weirdness & Mutations

You reflexively headbutt those who attack you in melee.
You have a pair of horns on your head.


Message History

You can now call upon Trog for regeneration and magic resistance.
The giant cockroach bites you.
You see here a rat corpse.
You hit the giant cockroach.
The giant cockroach is moderately wounded.
The giant cockroach closely misses you.
A quokka skeleton comes into view.
You hit the giant cockroach. You headbutt the giant cockroach.
You kill the giant cockroach!
Trog accepts your kill. The goblin hits you with a +0 dagger.
* * * LOW HITPOINT WARNING * * *
The goblin hits you with a +0 dagger.
* * * LOW HITPOINT WARNING * * *
The goblin hits you but does no damage.
You see here a giant cockroach corpse.
The quokka skeleton bites you.
* * * LOW HITPOINT WARNING * * *
The goblin hits you with a +0 dagger.
You die...

..........#
#.#........ #
#..... ...#
#.#.#..# #..# ##
.#.#..###..##..
....w. ..... #
#.##.# #..#
#.#@##w###..###..#
#..Zg††...........
###.......†.###.#.
#..#+####.....
###..##.#
#........ ..##.#
........
$......... ..#
##......#
#.#####.... ..#
........# #.#
#..... ...
........# #.#
#...... ....


You could see a goblin and a quokka skeleton.

Vanquished Creatures
  An adder (D:2)
  A dart slug (D:2)
  A giant cockroach (D:2)
  4 goblins (D:1)
  3 hobgoblins
  6 jackals
  3 kobolds (D:1)
  5 bats
  A frilled lizard (D:2)
  4 rats
29 creatures vanquished.

Notes
Turn   | Place    | Note
-------+----------+-------------------------------------------
     0 | D:1      | bipu the Minotaur Berserker began the quest for the Orb.
     0 | D:1      | Reached XP level 1. HP: 19/19 MP: 0/0
   523 | D:1      | Reached XP level 2. HP: 16/27 MP: 1/1
  1333 | D:2      | Reached XP level 3. HP: 28/33 MP: 2/2
  1369 | D:2      | Reached ** piety under Trog
  1376 | D:2      | Slain by a goblin

Levels and vault maps discovered:
D:1:      saegor_arrival_under_anarchy, layout_loops_corners
D:2:      layout_basic, lemuel_zombie_altar_yredelemnul, first_ration,
          minmay_misc_feat_room

Skill      XL: |  1  2 |
---------------+-------+-----
Fighting       | 4 |  4.2
Axes           | 4 |  4.1
Armour         | 3 |  3.1
Dodging        | |  2.8

Action                   || total
-------------------------++-------
Melee: Mace              ||    43
       Hand axe          ||     9
       Headbutt          ||    11
  Eat: Ration            ||     1
Armor: Animal skin       ||    18
Dodge: Dodged            ||    47

Table legend:
 A = Non-vault XP
 B = Vault XP
 C = Vault XP percentage of total XP
 D = Non-vault monster count
 E = Vault monster count
 F = Vault count percentage of total count
                 A         B        C        D         E       F
            +---------+---------+-------+---------+---------+-------
      Total |      62 |       0 |   0.0 |      29 |       0 |   0.0
            +---------+---------+-------+---------+---------+-------
        D:1 |      31 |       0 |   0.0 |      18 |       0 |   0.0
        D:2 |      31 |       0 |   0.0 |      11 |       0 |   0.0
            +---------+---------+-------+---------+---------+-------
